 Dungeon Crawl Stone Soup version 0.31.0-11-ge490571c62 (webtiles) character file.

Game seed: 7402706181783431369

1535808 ragingrage the Eclecticist (level 26, 219/219 HPs)
             Began as a Mummy Alchemist on Jan 26, 2024.
             Was a High Priest of Ashenzari.
             Escaped with the Orb
             ... and 3 runes
             ... and 1 gem (0 intact)!
             The game lasted 03:07:01 (97472 turns).

ragingrage the Eclecticist (Mummy Alchemist)       Turns: 97472, Time: 03:07:01

Health: 219/219    AC: 23    Str: 12    XL:     26   Next: 42%
Magic:  44/51      EV: 26    Int: 29    God:    Ashenzari [*****.]
Gold:   580        SH:  9    Dex: 17    Spells: 11/73 levels left

rFire   + + +        a - +3 Elemental Staff {ele, rElec rF+ rC+ AC+3}
rCold   + + +        t - +2 buckler "Profound Boredom" {rC+ rF+, Self, Elem} (curse)
rNeg    + + +        p - +0 troll leather armour "Omniscient Optimism" {Regen+, Dev, Self} (curse)
rPois   ∞            v - +2 helmet of Desmomancy {Comp, Elem} (curse)
rElec   +            o - +2 cloak "Share My Prison" {Will+, Bglg, Sorc} (curse)
rCorr   +            y - +2 pair of gloves "Vision of Ashenzari" {hurl, Sorc, Bglg} (curse)
SInv    +            T - +2 pair of boots of Apeoromancy {+Blink Dex+2, Self, Fort} (curse)
Will    ++++.        M - amulet of the Chained Heavens {RegenMP, Self, Melee} (curse)
Stlth   ++           s - ring of Toth-Mos's Legacy {rN+ rCorr EV+5, Cun, Self} (curse)
HPRegen 1.36/turn    j - ring of Toth-Mos's Legacy {rF++ Int+6, Fort, Self} (curse)
MPRegen 0.72/turn

%: clarity, faith
@: studying Throwing
A: cold resistance 1, negative energy resistance 3, torment resistance 2, heat
vulnerability 1, in touch with death 2, no potions, faith
0: Orb of Zot
}: 3/15 runes: barnacled, slimy, gossamer
a: Renounce Religion, Evoke Blink, Curse Item, Shatter the Chains


You escaped.
You worshipped Ashenzari.
Ashenzari was extremely pleased with you.
You visited 10 branches of the dungeon, and saw 51 of its levels.
You visited 1 bazaar.
You also visited: Trove, Sewer and Desolation.

You collected 7510 gold pieces.
You spent 6930 gold pieces at shops.

Inventory:

Hand Weapons
 a - the +3 Elemental Staff (weapon) {ele, rElec rF+ rC+ AC+3}
   (You acquired it on level 2 of the Vaults)

   AC+3:      It affects your AC (+3).
   rF+:       It protects you from fire.
   rC+:       It protects you from cold.
   rElec:     It insulates you from electricity.
 L - a +3 demon trident of draining
Missiles
 q - 5 curare-tipped darts
 G - 16 throwing nets
 H - 14 darts of dispersal
Armour
 o - the cursed +2 cloak "Share My Prison" (worn) {Will+, Bglg, Sorc}
   (You found it on level 12 of the Dungeon)

   It has a curse which improves the following skills: Beguiling: Hexes and
   Translocations.
   Sorcery:   Conjurations and Alchemy.
 p - the cursed +0 troll leather armour "Omniscient Optimism" (worn) {Regen+, Dev, Self}
   (You found it on level 10 of the Dungeon)

   Regen+:    It increases your rate of health regeneration.
   It has a curse which improves the following skills: Devices: Evocations.
   Introspection: Fighting and Spellcasting.
 t - the cursed +2 buckler "Profound Boredom" (worn) {rC+ rF+, Self, Elem}
   (You took it off a tengu warrior on level 14 of the Dungeon)

   It has a curse which improves the following skills: Introspection: Fighting
   and Spellcasting.
   Elements:  Fire Magic, Ice Magic, Air Magic and Earth Magic.
 v - the cursed +2 helmet of Desmomancy (worn) {Comp, Elem}
   (You found it on level 6 of the Dungeon)

   It has a curse which improves the following skills: Companions: Summonings
   and Necromancy.
   Elements:  Fire Magic, Ice Magic, Air Magic and Earth Magic.
 y - the cursed +2 pair of gloves "Vision of Ashenzari" (worn) {hurl, Sorc, Bglg}
   (You acquired it on level 5 of the Lair of Beasts)

   It has a curse which improves the following skills: Sorcery: Conjurations and
   Alchemy.
   Beguiling: Hexes and Translocations.
 z - a +0 kite shield of protection
 T - the cursed +2 pair of boots of Apeoromancy (worn) {+Blink Dex+2, Self, Fort}
   (You found it on level 2 of the Spider Nest)

   Dex+2:     It affects your dexterity (+2).
   +Blink:    It lets you blink.
   It has a curse which improves the following skills: Introspection: Fighting
   and Spellcasting.
   Fortitude: Armour and Shields.
Jewellery
 j - the cursed ring of Toth-Mos's Legacy (right hand) {rF++ Int+6, Fort, Self}
   (You found it in the Desolation of Salt)

   [ring of intelligence]

   Int+6:     It affects your intelligence (+6).
   rF++:      It greatly protects you from fire.
   It has a curse which improves the following skills: Fortitude: Armour and
   Shields.
   Introspection: Fighting and Spellcasting.
 s - the cursed ring of Toth-Mos's Legacy (left hand) {rN+ rCorr EV+5, Cun, Self}
   (You found it in the Desolation of Salt)

   [ring of evasion]

   EV+5:      It affects your evasion (+5).
   rN+:       It protects you from negative energy.
   rCorr:     It protects you from acid and corrosion.
   It has a curse which improves the following skills: Cunning: Dodging and
   Stealth.
   Introspection: Fighting and Spellcasting.
 M - the cursed amulet of the Chained Heavens (around neck) {RegenMP, Self, Melee}
   (You took it off Erica on level 2 of the Lair of Beasts)

   [amulet of magic regeneration]

   RegenMP:   It increases your rate of magic regeneration.
   It has a curse which improves the following skills: Introspection: Fighting
   and Spellcasting.
   Melee Combat: Short Blades, Long Blades, Axes, Maces & Flails, Polearms,
   Staves and Unarmed Combat.
 O - the ring "Sofy" {Wiz rC- Will+ Int+6}
   (You found it in a treasure trove)

   [ring of wizardry]

   Wiz:       It improves your spell success rate.
   Int+6:     It affects your intelligence (+6).
   rC-:       It makes you vulnerable to cold.
   Will+:     It increases your willpower.
Wands
 b - a wand of flame (77)
 g - a wand of mindburst (15)
 k - a wand of paralysis (29)
 m - a wand of polymorph (30)
 w - a wand of roots (43)
 D - a wand of light (19)
 S - a wand of digging (21)
Scrolls
 d - 8 scrolls of butterflies
 e - 12 scrolls of blinking
 f - 4 scrolls of enchant armour
 h - 7 scrolls of immolation
 l - 26 scrolls of teleportation
 n - 12 scrolls of poison
 r - a scroll of acquirement
 u - 9 scrolls of fog
 x - a scroll of noise
 B - 5 scrolls of fear
 E - 9 scrolls of enchant weapon
 I - 4 scrolls of torment
 J - 6 scrolls of vulnerability
 N - 5 scrolls of revelation
 Q - 3 scrolls of amnesia
Miscellaneous
 c - a box of beasts (inert)
 i - a phantom mirror
 R - a phial of floods
 U - a lightning rod (4/4)


   Skills:
 - Level 13.9(20.5) Fighting
 - Level 9.8(12.0) Staves
 - Level 14.5(17.6) Armour
 + Level 13.9(15.9) Dodging
 - Level 12.7(14.8) Stealth
 - Level 5.8(9.0) Shields
 - Level 17.5(24.0) Spellcasting
 - Level 17.0(20.0) Conjurations
 - Level 6.0(9.1) Hexes
 - Level 10.8(12.9) Summonings
 - Level 8.8(11.0) Necromancy
 - Level 6.8(10.0) Translocations
 - Level 17.0(20.0) Fire Magic
 - Level 2.0(4.3) Air Magic
 - Level 7.2(10.4) Earth Magic
 - Level 8.8(12.0) Alchemy
 - Level 11.9(14.0) Evocations


You had 11 spell levels left.
You knew the following spells:

 Your Spells              Type           Power      Damage    Failure   Level
a - Spellforged Servitor  Conj/Summ      46%        N/A       1%          7
b - Death Channel         Necr           61%        N/A       2%          6
c - Dispersal             Tloc           37%        N/A       3%          6
d - Sticky Flame          Fire/Alch      100%       2d15      1%          4
f - Olgreb's Toxic Radia  Alch           81%        N/A       1%          4
g - Irradiate             Conj/Alch      45%        3d26      1%          5
h - Yara's Violent Unrav  Hex/Alch       38%        3d15      1%          5
i - Fireball              Conj/Fire      61%        3d23      0%          5
j - Passwall              Erth           97%        N/A       1%          3
k - Bombard               Conj/Erth      55%        9d9       1%          6
l - Blink                 Tloc           100%       N/A       1%          2
n - Apportation           Tloc           100%       N/A       1%          1
o - Ignition              Fire           61%        3d17      2%          8

Your spell library contained the following spells:

 Spells                   Type           Power      Damage    Failure   Level
 Foxfire                  Conj/Fire      100%       2x1d9     0%          1
 Kiss of Death            Conj/Necr      100%       2d13      0%          1
 Magic Dart               Conj           100%       1d8       0%          1
 Necrotise                Necr           100%       1d9       0%          1
 Shock                    Conj/Air       100%       1d9       0%          1
 Sting                    Conj/Alch      100%       1d9       0%          1
 Summon Small Mammal      Summ           100%       N/A       0%          1
 Call Imp                 Summ           100%       N/A       0%          2
 Momentum Strike          Conj/Tloc      100%       3d10      0%          2
 Scorch                   Fire           100%       2d9       0%          2
 Searing Ray              Conj           100%       2d8       0%          2
 Static Discharge         Conj/Air       100%       3-8/arc   0%          2
 Dazzling Flash           Conj/Hex       100%       N/A       0%          3
 Inner Flame              Hex/Fire       100%       N/A       0%          3
 Stone Arrow              Conj/Erth      100%       3d13      0%          3
 Volatile Blastmotes      Fire/Tloc      100%       2d18      0%          3
 Flame Wave               Conj/Fire      100%       2d21      0%          4
 Summon Blazeheart Golem  Fire/Summ      100%       N/A       0%          4
 Iskenderun's Battlesphe  Conj           100%       2d15      0%          5
 Freeze                   Ice            100%       1d10      1%          1
 Sandblast                Erth           100%       2d20      1%          1
 Slow                     Hex            100%       N/A       1%          1
 Cigotuvi's Dreadful Rot  Necr/Alch/Air  100%       N/A       1%          2
 Ensorcelled Hibernation  Hex/Ice        100%       N/A       1%          2
 Jinxbite                 Hex            100%       N/A       1%          2
 Mercury Vapours          Alch/Air       100%       N/A       1%          2
 Call Canine Familiar     Summ           83%        N/A       1%          3
 Confusing Touch          Hex            73%        N/A       1%          3
 Gell's Gravitas          Tloc           75%        N/A       1%          3
 Hailstorm                Conj/Ice       96%        3d15      1%          3
 Mephitic Cloud           Conj/Alch/Air  100%       N/A       1%          3
 Sigil of Binding         Hex            73%        N/A       1%          3
 Summon Ice Beast         Ice/Summ       84%        N/A       1%          3
 Swiftness                Air            74%        N/A       1%          3
 Teleport Other           Tloc           75%        N/A       1%          3
 Tukima's Dance           Hex            73%        N/A       1%          3
 Vampiric Draining        Necr           100%       2d13      1%          3
 Animate Armour           Summ/Erth      100%       N/A       1%          4
 Brom's Barrelling Bould  Conj/Erth      100%       2d11      1%          4
 Cause Fear               Hex            36%        N/A       1%          4
 Dimensional Bullseye     Hex/Tloc       37%        N/A       1%          4
 Dispel Undead            Necr           100%       3d31      1%          4
 Fulminant Prism          Conj/Alch      45%        3d21      1%          4
 Ignite Poison            Fire/Alch      100%       N/A       1%          4
 Iskenderun's Mystic Bla  Conj/Tloc      89%        2d17      1%          4
 Martyr's Knell           Necr/Summ      100%       N/A       1%          4
 Passage of Golubria      Tloc           75%        N/A       1%          4
 Petrify                  Alch/Erth      99%        N/A       1%          4
 Summon Lightning Spire   Summ/Air       91%        N/A       1%          4
 Vhi's Electric Charge    Tloc/Air       100%       N/A       1%          4
 Alistair's Intoxication  Alch           54%        N/A       1%          5
 Arcjolt                  Conj/Air       51%        1d61      1%          5
 Curse of Agony           Necr           100%       N/A       1%          5
 Freezing Cloud           Conj/Ice/Air   55%        6-21      1%          5
 Lee's Rapid Deconstruct  Erth           48%        3d23*     1%          5
 Summon Forest            Summ/Tloc      39%        N/A       1%          5
 Summon Mana Viper        Hex/Summ       78%        N/A       1%          5
 Eringya's Noxious Bog    Alch           40%        4d6       1%          6
 Plasma Beam              Fire/Air       63%        2x1d79    1%          6
 Summon Cactus Giant      Summ           41%        N/A       1%          6
 Silence                  Hex/Air        42%        N/A       2%          5
 Frozen Ramparts          Ice            100%       1d16      3%          3
 Ozocubu's Armour         Ice            54%        N/A       3%          3
 Metabolic Englaciation   Hex/Ice        38%        N/A       5%          5
 Summon Hydra             Summ           41%        N/A       5%          7
 Haunt                    Necr/Summ      62%        N/A       9%          7
 Sculpt Simulacrum        Ice/Alch       41%        N/A       16%         6
 Lehudib's Crystal Spear  Conj/Erth      55%        10d13     17%         8
 Enfeeble                 Hex            36%        N/A       26%         7
 Fire Storm               Conj/Fire      61%        8d16      36%         9
 Disjunction              Tloc           37%        N/A       82%         8
 Ozocubu's Refrigeration  Ice            27%        4d13      100%        7
 Maxwell's Capacitive Co  Air            37%        ∞         100%        8
 Chain Lightning          Conj/Air       51%        3d68      100%        9
 Dragon's Call            Summ           41%        N/A       100%        9
 Polar Vortex             Ice            27%        12d3*     100%        9
 Shatter                  Erth           48%        3d37*     100%        9
 Sublimation of Blood     Necr           Unusable   N/A       N/A         2
 Borgnjor's Revivificati  Necr           Unusable   N/A       N/A         8
 Death's Door             Necr           Unusable   N/A       N/A         9

Dungeon Overview and Level Annotations

Branches:
Dungeon (15/15)            Temple (0/1) D:4            Lair (5/5) D:10
 Shoals (4/4) Lair:2       Spider (4/4) Lair:3        Slime (5/5) Lair:4
    Orc (2/2) D:10            Elf (3/3) Orc:2        Vaults (4/5) D:14
  Crypt (0/3) Vaults:2     Depths (4/4) D:15            Zot (5/5) Depths:4
  Sewer (visited)         Desolation (visited)

Altars:
Ashenzari
Dithmenos
Fedhas
Gozag
Kikubaaqudgha
Makhleb
Nemelex Xobeh
Okawaru
Qazlal
Ru
Sif Muna
Uskayaw
Wu Jian
Xom
Yredelemnul
Jiyva
Lugonu

Shops:
D:8 =[=*?[   Orc:1 !**   Orc:2 *((*   Elf:1 ::=   Elf:2 (   Elf:3 *
Shoals:4 =   Vaults:2 ?[*   Vaults:3 !:   Depths:1 ([(

Portals:
Hell: Depths:1 Depths:2 Depths:3 Depths:4
Abyss: Depths:3
Pandemonium: Depths:2 Depths:4
Ziggurat: Depths:2

Annotations:
D:4 exclusion: downstairs
D:10 exclusion: downstairs
D:11 exclusion: downstairs
D:15 2 transporters, SmpsonH's ghost, weakling FoBr
Lair:1 3 runed translucent doors, TheRegalBeagle's ghost, journeyman DsFE
Lair:5 2 exclusions
Shoals:2 exclusion: downstairs
Shoals:3 1 runed translucent door, qdestroyer's ghost, journeyman MiFi
Elf:2 3 runed translucent doors, exclusion: door
Vaults:4 exclusion: hell knight
Depths:1 1 runed translucent door, mdonais's ghost, master FoDe
Depths:2 exclusions: daeva and 3 more exclusions
Zot:4 2 transporters, runemage's ghost, legendary GnFi


Innate Abilities, Weirdness & Mutations

You are immune to poison.
Your flesh is cold resistant. (rC+)
You are immune to negative energy. (rN+++)
You are immune to unholy pain and torment.
You are vulnerable to heat. (rF-)
You are strongly in touch with the powers of death.
You do not drink.
You have a special connection with the divine. (Faith)


Message History

Where to? (Tab/Enter - D:1 @ (x,y), ? - help) HP restored.
There is a stone staircase leading up here.
You climb upwards.
There is a stone staircase leading down here.
An Ice Fiend comes into view.
Aiming: Bombard (mildly dangerous; 1% risk of failure)
Press: ? - help, Q - select action, (/) - cycle Shift-Dir - straight line, f - Ice Fiend
Aim: an Ice Fiend (90% to hit)
You feel a surge of power!
The iron shot misses the Ice Fiend.
Aiming: Bombard (mildly dangerous; 1% risk of failure)
Press: ? - help, Q - select action, (/) - cycle Shift-Dir - straight line, f/p - Ice Fiend
Aim: an Ice Fiend (90% to hit)
You feel a surge of power!
The iron shot hits the Ice Fiend!!
The Ice Fiend is moderately wounded.
Aiming: Bombard (mildly dangerous; 1% risk of failure)
Press: ? - help, Q - select action, (/) - cycle Shift-Dir - straight line, f/p - Ice Fiend
Aim: an Ice Fiend (moderately wounded, 90% to hit)
You feel a surge of power!
The iron shot hits the Ice Fiend!!!
The Ice Fiend is severely wounded.
The blast sends you backwards.
Aiming: Bombard (mildly dangerous; 1% risk of failure)
Press: ? - help, Q - select action, (/) - cycle Shift-Dir - straight line, f/p - Ice Fiend
Aim: an Ice Fiend (severely wounded, 90% to hit)
You feel a surge of power!
The iron shot hits the Ice Fiend!!!
You kill the Ice Fiend!
Aiming: Bombard (mildly dangerous; 1% risk of failure)
Press: ? - help, Q - select action, (/) - cycle Shift-Dir - straight line, f - you You feel a surge of power!
That beam is likely to hit you.
Continue anyway?
Okay, then.
Unknown command.
(D) Dungeon (T) Temple (L) Lair (A) Shoals (N) Spider Nest (M) Slime Pits (O) Orcish Mines (E) Elven Halls (V) Vaults (C) Crypt (U) Depths (H) Hell (Z) Zot
Where to? (Tab/Enter - D:1 @ (x,y), ? - help)
There is an open door here.
There is a staircase leading out of the dungeon here.
You have escaped!

.##........#.#.....#....#.##.....
.##..........#.....≈....≈.##.....
###....)..####...).≈.⌠..≈.##.....
..........# #.....≈....≈.##..##'
..........# #.....#....#.##..##.
..........######≈§###≈≈#####..##.
.##....)......#....#.....# #..###
.##...........≈....≈.....###..#..
.######.......≈.@⌠.≈.....#.#..#.#
.######.......≈....≈.....#.#.....
...........##.#....#.....#....#.#
....^.......#.'#≈≈##.......#!.#..
...................#####...#..###
...........#############.###..#
...........# #.............###
#######....# #.########...#...
#....######.#....#...#.#.##


There were no monsters in sight!

Vanquished Creatures
  the Royal Jelly (Slime:5)
  A pandemonium lord (D:2)
  2 dread liches
  An ancient lich (Zot:5)
  2 orbs of fire
  Sojobo (Depths:1)
  7 Killer Klowns
  2 curse toes
  2 caustic shrikes (Depths:3)
  Nikola (Elf:1)
  the Enchantress (Depths:2)
  10 golden dragons
  Arachne (Spider:2)
  2 doom hounds (Zot:1)
  2 electric golems (Zot:5)
  2 Ice Fiends
  A walking crystal tome (Depths:3)
  14 tentacled monstrosities
  A walking earthen tome (Depths:3)
  7 liches
  16 Orb Guardians
  A deep elf blademaster (Depths:2)
  A titan (Depths:3)
  2 ancient champions (Depths:4)
  7 quicksilver dragons
  Polyphemus (Shoals:2)
  12 acid blobs
  A deep elf master archer (Elf:3)
  A kraken (Shoals:4)
  7 death cobs
  2 sphinxes
  5 shadow dragons
  Kirke (D:13)
  2 tengu reavers (Depths:1)
  8 storm dragons
  3 draconian monks
  Roxanne (Shoals:3)
  9 azure jellies
  6 rockslimes (Slime:5)
  4 draconian knights
  3 fire giants (Zot:3)
  10 protean progenitors
  4 deep elf sorcerers
  6 draconian scorchers
  6 draconian shifters
  9 frost giants
  6 emperor scorpions
  Louise (Shoals:1)
  8 ghost moths
  3 spriggan defenders (Depths:2)
  8 vault wardens
  7 draconian stormcallers
  2 draconian annihilators
  10 stone giants
  10 ironbound thunderhulks
  2 orc warlords (Depths:2)
  9 ironbound preservers
  The ghost of solopath the Brawler, a journeyman TrFi of Ru (Orc:1)
  2 formless jellyfish (Slime:5)
  21 very ugly things
  6 quicksilver oozes
  2 broodmothers
  5 deep elf death magi (Elf:3)
  3 vampire knights
  11 green draconians
  9 black draconians
  8 deep elf demonologists
  A war gargoyle (Vaults:3)
  6 spark wasps
  9 purple draconians
  7 yellow draconians
  3 white draconians
  7 deep elf annihilators
  6 red draconians
  3 dire elephants
  5 crystal guardians
  Snorg (Orc:2)
  8 ettins
  13 merfolk impalers
  9 fire dragons
  A jiangshi (Depths:4)
  4 yaktaur captains
  9 great orbs of eyes
  3 ragged hierophants (Desolation)
  6 entropy weavers
  5 merfolk javelineers
  5 vault guards
  2 deep elf high priests (Elf:3)
  A jorogumo (Spider:3)
  Fannar (Lair:2)
  2 rakshasas
  8 peacekeepers (Desolation)
  A hydra (D:15)
  4 ogre magi (Orc:2)
  4 spriggan air magi
  6 ironbound frosthearts
  An alligator snapping turtle (Shoals:2)
  6 ice dragons
  A death knight (Vaults:2)
  2 salamander tyrants (Depths:4)
  2 catoblepae
  8 centaur warriors
  4 radroaches
  16 dancing weapons
  5 merfolk aquamancers
  Erica (Lair:2)
  6 merfolk avatars
  2 satyrs
  8 tengu warriors
  8 boulder beetles
  11 death yaks
  4 demonic crawlers
  20 two-headed ogres
  6 deep troll shamans
  2 vampire magi
  3 deep troll earth magi
  Urug (Lair:2)
  2 orc high priests (Orc:1)
  A shock serpent (shapeshifter) (D:15)
  4 spriggan berserkers
  The ghost of MrSquiggles the Zephyrmancer, a novice DsWn of Qazlal (D:11)
  5 hell knights
  An occultist (Depths:2)
  A shadow wraith (Vaults:2)
  9 deep elf knights
  A fire crab (Shoals:1)
  A salamander mystic (Depths:4)
  8 sea snakes
  Amaemon (Lair:2)
  9 iron trolls
  Lodul (D:11)
  A deep troll (shapeshifter) (Depths:3)
  7 pharaoh ants
  6 skysharks
  9 orb spiders
  An orb spider (shapeshifter) (Vaults:3)
  30 deep trolls
  7 skeletal warriors
  2 flayed ghosts (Depths:4)
  A mana viper (shapeshifter) (Depths:3)
  3 glowing orange brains
  A shadow demon (D:9)
  7 arcanists
  4 necromancers
  14 deep elf pyromancers
  8 deep elf archers
  12 orc knights
  13 ironbound convokers
  5 steelbarb worms
  A harpy (shapeshifter) (Lair:5)
  15 deep elf zephyrmancers
  12 harpies
  4 nameless horrors
  16 lindwurms
  4 orc sorcerers
  18 wolf spiders
  36 ugly things
  3 shining eyes
  Maurice (Orc:2)
  3 salamanders (Depths:4)
  20 fauns
  26 moths of wrath
  10 cyclopes
  9 manticores
  3 meliai (Spider:1)
  8 black mambas
  13 merfolk sirens
  2 kobold blastminers (Orc:2)
  16 elephants
  5 torpor snails
  2 smoke demons (Lair:5)
  15 vault sentinels
  2 guardian serpents (Desolation)
  10 water nymphs
  13 cane toads
  2 orange demons
  3 eyes of devastation (Slime:5)
  A torpor snail (shapeshifter) (Depths:4)
  2 gargoyles
  2 unseen horrors
  An unseen horror (shapeshifter) (Lair:5)
  A large abomination (Lair:5)
  8 rime drakes
  8 komodo dragons
  12 yaktaurs
  Jeremiah (D:7)
  A freezing wraith (Vaults:3)
  A guardian mummy (Elf:3)
  A tengu conjurer (Depths:2)
  A yaktaur skeleton (Vaults:2)
  2 efreet
  15 trolls
  A troll (shapeshifter) (D:12)
  7 wind drakes
  3 polar bears
  32 tarantellas
  33 merfolk
  22 blink frogs
  25 saltlings (Desolation)
  Grinder (D:6)
  A raiju (Lair:5)
  22 dream sheep
  8 snapping turtles
  A dream sheep (shapeshifter) (Elf:2)
  4 glass eyes
  A snapping turtle (shapeshifter) (Depths:3)
  77 slime creatures
  An air elemental (Elf:1)
  17 jumping spiders
  A wyvern (Lair:5)
  21 culicivoras
  6 spriggans (Depths:2)
  A shadow (D:13)
  7 small abominations
  3 wraiths
  A ynoxinul (D:11)
  4 basilisks
  A vampire (D:10)
  A fire elemental (Elf:1)
  2 hogs (shapeshifter)
  2 fire bats (Shoals:1)
  32 yaks
  3 hogs (D:13)
  A warg (Orc:1)
  8 water elementals
  3 steam dragons
  Eustachio (D:4)
  62 redbacks
  An acid dragon (Zot:1)
  20 water moccasins
  Duvessa (D:5)
  12 orc warriors
  3 black bears
  An ice beast (D:7)
  42 ogres
  23 wolves
  A boggart (Vaults:3)
  A human skeleton (Vaults:2)
  7 phantoms
  5 centaurs
  3 kobold brigands
  14 bullfrogs
  A gnoll sergeant (D:11)
  7 scorpions
  2 earth elementals (Elf:2)
  13 wights
  Dowan (D:5)
  12 jellies
  A killer bee (D:8)
  3 electric eels
  4 howler monkeys
  13 orc priests
  4 centaur zombies (D:7)
  2 gnoll boudas
  Crazy Yiuf (D:5)
  A hound (D:6)
  4 scorpion zombies (D:7)
  An iguana (D:4)
  17 orc wizards
  8 sleepcaps
  3 killer bee zombies (D:7)
  14 gnolls
  11 adders
  A river rat (Sewer)
  7 shadow imps (D:7)
  4 ufetubi
  2 ribbon worms
  5 dart slugs
  43 orcs
  3 endoplasms
  2 giant cockroaches
  4 hobgoblins
  8 jackals
  35 kobolds
  6 quokkas
  15 ball pythons
  10 bats
  9 frilled lizards
  6 goblins
  12 rats
  6 aspiring fleshes
  3 tentacles (Shoals:4)
1939 creatures vanquished.

Vanquished Creatures (collateral kills)
  An ancient lich (Zot:5)
  2 Killer Klowns (Zot:5)
  A caustic shrike (Depths:3)
  2 golden dragons
  2 electric golems
  3 tentacled monstrosities
  2 liches
  Grunn (Zot:1)
  10 Orb Guardians
  A titan (Depths:4)
  2 quicksilver dragons
  A walking frostbound tome (Depths:4)
  2 acid blobs
  A walking divine tome (Depths:4)
  2 death cobs
  5 storm dragons
  A tengu reaver (Depths:4)
  4 shadow dragons
  2 draconian monks (Zot:1)
  2 rockslimes
  2 deep elf sorcerers (Elf:3)
  5 fire giants
  2 draconian knights
  2 emperor scorpions (Spider:4)
  5 deep elf elementalists (Elf:3)
  6 vault wardens
  A caustic shrike zombie (Depths:2)
  2 imperial myrmidons (Desolation)
  4 frost giants
  A broodmother (Zot:5)
  An iron dragon (Depths:4)
  5 draconian scorchers
  A draconian stormcaller (Zot:1)
  2 orc warlords (Vaults:1)
  2 draconian annihilators (Zot:1)
  5 ironbound preservers
  3 quicksilver oozes
  A caustic shrike skeleton (Depths:2)
  4 ironbound thunderhulks
  4 stone giants
  A formless jellyfish (Slime:5)
  6 very ugly things
  A black draconian (Zot:1)
  A deep elf death mage (Elf:3)
  A spark wasp (Depths:3)
  4 dire elephants
  3 green draconians
  A war gargoyle (Vaults:2)
  2 red draconians
  5 white draconians
  2 yellow draconians
  2 ettins
  A fire dragon (Depths:2)
  4 yaktaur captains
  2 deep elf high priests (Elf:3)
  A jiangshi (Depths:4)
  3 ice dragons
  A hydra (D:14)
  3 great orbs of eyes
  2 ragged hierophants (Desolation)
  5 servants of whispers (Desolation)
  7 peacekeepers
  4 ironbound frosthearts
  7 vault guards
  2 alligators (Zot:5)
  A death knight (Vaults:2)
  An alligator snapping turtle (Shoals:4)
  4 dancing weapons (Elf:2)
  2 spriggan air magi
  A two-headed ogre (Zot:3)
  4 centaur warriors
  A spriggan berserker (Depths:3)
  A deep troll shaman (Depths:3)
  A tengu warrior (Depths:1)
  2 deep troll earth magi
  2 vampire magi (Depths:4)
  2 hell knights
  3 skeletal warriors (Depths:4)
  An orb spider (Spider:4)
  An iron troll (Depths:3)
  4 nameless horrors
  2 deep elf archers
  20 deep trolls
  2 arcanists
  3 ironbound convokers
  A necromancer (Vaults:2)
  A steelbarb worm (Spider:4)
  2 orc knights (Depths:2)
  4 deep elf zephyrmancers
  11 ugly things
  2 salamanders (Depths:4)
  A shining eye (Slime:5)
  A cyclops (D:14)
  7 moths of wrath
  An iron dragon skeleton (Depths:2)
  4 vault sentinels
  A guardian serpent (Desolation)
  An eye of devastation (Slime:3)
  A yaktaur zombie (Vaults:2)
  A yaktaur (Vaults:3)
  A tyrant leech (Zot:5)
  A hornet (shapeshifter) (Elf:3)
  26 saltlings (Desolation)
  An air elemental (Elf:2)
  17 slime creatures
  A fire elemental (Elf:1)
  A redback (Spider:4)
  2 glowing shapeshifter zombies
  2 acid dragons (Zot:1)
  An ogre (Zot:3)
  A boggart (Vaults:3)
327 creatures vanquished.

Vanquished Creatures (others)
  A draconian knight (Zot:1)
  A merfolk aquamancer (Shoals:4)
  A faun (Shoals:2)
  A water nymph (Zot:1)
  A human (D:13)
  An orc (D:7)
  6 tentacles (Shoals:4)
12 creatures vanquished.

Grand Total: 2278 creatures vanquished

Notes
Turn   | Place    | Note
-------+----------+-------------------------------------------
     0 | D:1      | ragingrage the Mummy Alchemist began the quest for the Orb.
     0 | D:1      | Reached XP level 1. HP: 13/13 MP: 4/4
   136 | D:1      | Reached skill level 1 in Conjurations
   205 | D:1      | Reached XP level 2. HP: 20/20 MP: 1/5
   392 | D:1      | Learned a level 2 spell: Mercury Vapours
   755 | D:1      | Reached skill level 1 in Fighting
   935 | D:1      | Found a faded altar of an unknown god.
  1029 | D:1      | Reached XP level 3. HP: 21/26 MP: 7/7
  2007 | D:2      | Learned a level 3 spell: Mephitic Cloud
  2464 | D:2      | Reached XP level 4. HP: 32/32 MP: 3/8
  2892 | D:3      | Found a shadowy altar of Dithmenos.
  3877 | D:4      | Reached XP level 5. HP: 38/38 MP: 0/9
  3984 | D:3      | Reached skill level 1 in Air Magic
  4190 | D:4      | Noticed a black bear
  4781 | D:4      | Reached XP level 6. HP: 11/44 MP: 0/10
  5093 | D:4      | Found an ornate altar of the Wu Jian Council.
  5141 | D:4      | You fall into a shaft and drop 1 floor!
  5141 | D:5      | Entered Level 5 of the Dungeon
  5160 | D:5      | Reached XP level 7. HP: 50/50 MP: 5/11
  5161 | D:4      | Found a staircase to the Ecumenical Temple.
  5274 | D:4      | Reached skill level 5 in Alchemy
  5368 | D:4      | Noticed Eustachio
  5504 | D:4      | Killed Eustachio
  6219 | D:5      | Reached skill level 5 in Spellcasting
  6224 | D:5      | Learned a level 4 spell: Olgreb's Toxic Radiance
  6229 | D:5      | Learned a level 4 spell: Sticky Flame
  6823 | D:5      | Noticed Duvessa
  6832 | D:5      | Found a basalt altar of Yredelemnul.
  6935 | D:5      | Found a runed translucent door.
  6936 | D:5      | Noticed Crazy Yiuf
  6948 | D:5      | Killed Crazy Yiuf
  7271 | D:6      | Reached XP level 8. HP: 47/58 MP: 4/16
  7358 | D:6      | Found a glowing drain.
  7409 | Sewer    | Entered a sewer
  8019 | Sewer    | Learned a level 3 spell: Stone Arrow
  8288 | Sewer    | Reached skill level 1 in Fire Magic
  8560 | D:6      | Noticed Grinder
  9147 | D:7      | Found a stormy altar of Qazlal.
  9148 | D:7      | Found an opulent altar of Gozag.
  9149 | D:7      | Found a blossoming altar of Fedhas.
  9149 | D:7      | Found a sparkling altar of Nemelex Xobeh.
  9150 | D:7      | Found an iron altar of Okawaru.
  9150 | D:7      | Found a broken altar of Ashenzari.
  9514 | D:7      | Became a worshipper of Ashenzari the Shackled
  9597 | D:7      | Found an ancient bone altar of Kikubaaqudgha.
 10258 | D:7      | Reached XP level 9. HP: 63/63 MP: 9/18
 10495 | D:7      | Reached skill level 5 in Conjurations
 10660 | D:7      | Reached skill level 1 in Earth Magic
 10735 | D:7      | Noticed a deep elf pyromancer
 10745 | D:7      | Killed a deep elf pyromancer
 10746 | D:7      | Reached skill level 5 in Fire Magic
 12116 | D:7      | Reached XP level 10. HP: 71/71 MP: 7/20
 12621 | D:7      | Noticed Jeremiah
 12918 | D:8      | Noticed a purple ugly thing
 13188 | D:8      | Killed a green ugly thing
 13575 | D:8      | Reached * piety under Ashenzari
 13671 | D:8      | Found a sacrificial altar of Ru.
 13810 | D:8      | Found Loell's Armour Shoppe.
 13810 | D:8      | Found Uheock's Magic Scroll Emporium.
 13817 | D:8      | Found Dijass's General Store.
 13817 | D:8      | Found Athreomyxt's Jewellery Shoppe.
 13950 | D:8      | Found Wody's Antique Armour Shoppe.
 13950 | D:8      | Found Naept's Jewellery Emporium.
 13951 | D:8      | Noticed a two-headed ogre
 13957 | D:8      | Killed a two-headed ogre
 14052 | D:8      | Bought a scroll of blinking for 97 gold pieces
 14215 | D:9      | Reached skill level 1 in Shields
 14215 | D:9      | Reached skill level 1 in Evocations
 14514 | D:9      | Reached ** piety under Ashenzari
 15090 | D:9      | Noticed a boulder beetle
 15101 | D:9      | Killed a boulder beetle
 15102 | D:9      | Reached skill level 5 in Stealth
 16008 | D:9      | Reached XP level 11. HP: 79/79 MP: 4/24
 16256 | D:10     | Entered Level 10 of the Dungeon
 16762 | D:10     | Found a staircase to the Lair.
 17094 | D:10     | Noticed a two-headed ogre
 17102 | D:10     | Killed a two-headed ogre
 17103 | D:10     | Reached skill level 1 in Staves
 17310 | D:10     | Noticed a two-headed ogre
 17321 | D:10     | Killed a two-headed ogre
 17329 | D:10     | Noticed a boulder beetle
 17423 | D:10     | Noticed a two-headed ogre
 17432 | D:10     | Killed a two-headed ogre
 17673 | D:10     | Found the +6 shillelagh "Devastator" {shatter}
 18061 | D:10     | Identified the +0 chain mail "Ehadown" {*Corrode rF++ Dex+2
                  | SInv}
 18160 | D:10     | Found a staircase to the Orcish Mines.
 18231 | D:10     | Killed a boulder beetle
 19209 | D:11     | Noticed a two-headed ogre
 19219 | D:11     | Killed a two-headed ogre
 19513 | D:11     | Learned a level 5 spell: Irradiate
 19688 | D:11     | Noticed Lodul
 19903 | D:11     | Killed Lodul
 20077 | D:8      | Bought a ring of protection from fire for 300 gold pieces
 20077 | D:8      | Bought a scroll of torment for 114 gold pieces
 20147 | Lair:1   | Entered Level 1 of the Lair of Beasts
 20328 | Lair:1   | Noticed a boulder beetle
 20407 | Lair:1   | Killed a boulder beetle
 20409 | Lair:1   | Noticed a catoblepas
 20552 | Lair:1   | Reached XP level 12. HP: 80/88 MP: 7/26
 20552 | Lair:1   | Noticed a death yak
 20558 | D:10     | Killed a catoblepas
 21466 | Lair:1   | Reached skill level 5 in Fighting
 21651 | Lair:1   | Noticed a death yak
 21651 | Lair:1   | Noticed a death yak
 21653 | Lair:1   | Noticed a death yak
 21667 | Lair:1   | Killed a death yak
 21887 | Lair:1   | Noticed a death yak
 21940 | Lair:1   | Killed a death yak
 21946 | D:10     | Killed a death yak
 22051 | D:10     | Killed a death yak
 22142 | Lair:1   | Killed a death yak
 22622 | Lair:1   | Found a runed translucent gate.
 22622 | Lair:1   | Found a runed translucent gate.
 22622 | Lair:1   | Found a runed translucent gate.
 22622 | Lair:1   | Noticed a 12-headed hydra
 22623 | Lair:1   | Noticed TheRegalBeagle's ghost (journeyman DsFE)
 22623 | Lair:1   | Identified the +11 war axe of Vanity {heavy, rN+ rCorr
                  | Int+5}
 22623 | Lair:1   | Noticed a nine-headed hydra
 22629 | Lair:1   | Identified the +0 plate armour "Liakhlim" {rC+ rCorr Str-4
                  | Int+7}
 22879 | Lair:1   | Reached skill level 10 in Stealth
 23226 | Lair:2   | Noticed Fannar
 23246 | Lair:1   | Reached skill level 5 in Evocations
 23368 | Lair:2   | Killed Fannar
 24293 | Lair:2   | Noticed Amaemon
 24304 | Lair:2   | Killed Amaemon
 24372 | Lair:2   | Noticed Urug
 24380 | Lair:2   | Killed Urug
 24751 | Lair:2   | Gained mutation: You are strongly in touch with the powers
                  | of death. [Mummy growth]
 24751 | Lair:2   | Reached XP level 13. HP: 100/100 MP: 17/29
 25201 | Lair:2   | Reached *** piety under Ashenzari
 25459 | Lair:2   | Found a staircase to the Shoals.
 25650 | Lair:2   | Noticed Erica
 25656 | Lair:2   | Killed Erica
 25663 | Lair:2   | Learned a level 5 spell: Yara's Violent Unravelling
 25706 | Lair:2   | Reached skill level 1 in Hexes
 25946 | Lair:2   | Reached **** piety under Ashenzari
 26952 | Lair:3   | Found a hole to the Spider Nest.
 27506 | Lair:4   | Reached skill level 5 in Hexes
 27664 | Lair:4   | Found a staircase to the Slime Pits.
 28090 | Lair:5   | Entered Level 5 of the Lair of Beasts
 28263 | Lair:5   | Identified a scroll of acquirement
 28456 | Lair:5   | Reached XP level 14. HP: 115/115 MP: 19/32
 28495 | Lair:5   | Reached skill level 5 in Staves
 29573 | Lair:5   | Reached skill level 1 in Armour
 29785 | Lair:5   | Reached skill level 10 in Spellcasting
 30188 | Orc:1    | Entered Level 1 of the Orcish Mines
 30245 | Orc:1    | Reached skill level 5 in Dodging
 30692 | Orc:1    | Found a runed translucent gate.
 30693 | Orc:1    | Found a runed translucent gate.
 30693 | Orc:1    | Found a runed translucent gate.
 30812 | Orc:1    | Noticed solopath's ghost (journeyman TrFi)
 30851 | Orc:1    | Reached ***** piety under Ashenzari
 31155 | Orc:1    | Found Xoiten's General Store.
 31157 | Orc:1    | Found Etanoa's Distillery.
 31164 | Orc:1    | Found Ximemeiff's Assorted Antiques.
 31175 | Orc:1    | Bought a scroll labelled EWANEI DUHU for 24 gold pieces
 31175 | Orc:1    | Bought a phial of floods for 960 gold pieces
 31338 | Orc:2    | Entered Level 2 of the Orcish Mines
 31374 | Orc:2    | Noticed Maurice
 31454 | Orc:2    | Killed Maurice
 31455 | Orc:2    | Noticed Snorg
 31462 | Orc:2    | Killed Snorg
 31533 | Orc:2    | Reached skill level 10 in Fighting
 31603 | Orc:2    | Paralysed by an ogre mage for 3 turns
 31711 | Orc:2    | Paralysed by an ogre mage for 4 turns
 31845 | Orc:2    | Reached XP level 15. HP: 115/129 MP: 15/34
 32067 | Orc:2    | Found a staircase to the Elven Halls.
 32416 | Orc:2    | Found Fouch's Weapon Boutique.
 32416 | Orc:2    | Found Necauwn's Assorted Antiques.
 32417 | Orc:2    | Found Sudghill's Assorted Antiques.
 32417 | Orc:2    | Found Uteafow's Weapon Boutique.
 32462 | Orc:2    | Acquired a +2 pair of gloves of hurling
 32992 | D:11     | Noticed MrSquiggles's ghost (novice DsWn)
 32999 | D:11     | Found a runed translucent door.
 33730 | D:12     | Identified the ring of Xiukhlaa {rF+ Str+7}
 34756 | D:13     | Noticed Kirke
 34778 | D:13     | Killed Kirke
 35767 | D:14     | Found a burning altar of Makhleb.
 37038 | D:15     | Entered Level 15 of the Dungeon
 37056 | D:15     | Found an ancient bone altar of Kikubaaqudgha.
 37393 | D:15     | Found a transporter.
 37399 | D:15     | Noticed SmpsonH's ghost (weakling FoBr)
 37507 | D:15     | Found a transporter.
 38592 | D:15     | Found a staircase to the Depths.
 38867 | Spider:1 | Entered Level 1 of the Spider Nest
 38925 | Spider:1 | Noticed an emperor scorpion
 38940 | Spider:1 | Killed an emperor scorpion
 39404 | Spider:1 | Reached XP level 16. HP: 141/141 MP: 21/38
 40380 | Spider:2 | Identified the +2 pair of boots of Lethargy {+Blink Dex+2}
 41015 | Spider:2 | Learned a level 5 spell: Fireball
 41041 | Spider:2 | Noticed Arachne
 41058 | Spider:2 | Killed Arachne
 42776 | Spider:4 | Entered Level 4 of the Spider Nest
 43528 | Spider:4 | Learned a level 3 spell: Passwall
 43584 | Spider:4 | Reached XP level 17. HP: 153/153 MP: 39/41
 43766 | Spider:4 | Reached skill level 10 in Dodging
 44873 | Shoals:1 | Entered Level 1 of the Shoals
 46003 | Shoals:1 | Identified the +6 tower shield of the Fifty Hosts {Regen+}
 46003 | Shoals:1 | Noticed Louise
 46420 | Shoals:2 | Found a flickering gateway to a bazaar.
 46430 | Bazaar   | Entered a bazaar
 46437 | Bazaar   | Found Toilun's Book Shop.
 46442 | Bazaar   | Bought a book of Annihilations for 720 gold pieces
 46442 | Bazaar   | Bought a book of Power for 504 gold pieces
 46449 | Bazaar   | Learned a level 6 spell: Bombard
 46471 | Bazaar   | Found Lehiuhuf's Armour Boutique.
 46506 | Bazaar   | Found Hurr's Book Shop.
 46506 | Bazaar   | Found Odghekkecs's Assorted Antiques.
 46512 | Bazaar   | Bought a book of Minor Magic for 160 gold pieces
 46515 | Bazaar   | Learned a level 2 spell: Blink
 46745 | Shoals:2 | Learned a level 7 spell: Spellforged Servitor
 47229 | Shoals:2 | Noticed Polyphemus
 47238 | Shoals:2 | Killed Polyphemus
 47239 | Shoals:2 | Reached skill level 1 in Summonings
 47503 | Shoals:3 | Identified the granite talisman of the Crypt {rF+ rC+
                  | Str+4}
 47503 | Shoals:3 | Noticed Roxanne
 48119 | Shoals:3 | Reached skill level 5 in Earth Magic
 48509 | Shoals:3 | Found a runed translucent door.
 48512 | Shoals:3 | Noticed qdestroyer's ghost (journeyman MiFi)
 48746 | Shoals:3 | Killed Roxanne
 48835 | Shoals:4 | Entered Level 4 of the Shoals
 48847 | Shoals:4 | Reached XP level 18. HP: 142/160 MP: 13/42
 50107 | Shoals:4 | Found Teilut's Jewellery Emporium.
 50494 | Shoals:4 | Identified the +0 hand axe of Amorality {freeze, rElec}
 50700 | Shoals:4 | Reached skill level 5 in Summonings
 50884 | Shoals:4 | Got a barnacled rune of Zot
 50886 | Shoals:4 | Got an azure gem
 51220 | Shoals:1 | Killed Louise
 51636 | Elf:1    | Entered Level 1 of the Elven Halls
 51981 | D:6      | Killed Grinder
 52341 | D:7      | Killed Jeremiah
 52762 | D:5      | Noticed Dowan
 52763 | D:5      | Killed Duvessa
 52763 | D:5      | Killed Dowan
 52973 | D:11     | Killed MrSquiggles's ghost
 53263 | D:14     | Found a gate to the Vaults.
 53275 | Vaults:1 | Entered Level 1 of the Vaults
 53279 | Vaults:1 | Upgraded the game from 0.31.0-10-gcf4a605ca0 to
                  | 0.31.0-11-ge490571c62
 53352 | Vaults:1 | Found a crumbling gateway.
 53366 | Desolati | Entered the Desolation of Salt
 53703 | Desolati | Reached skill level 10 in Conjurations
 53765 | Desolati | Identified the Guide on Cold and Bringing Forth
 53781 | Desolati | Identified Uggasch's Elucidation of the Map
 53848 | Desolati | Identified the +0 shortbow "Tuec" {flame, Will+}
 53974 | Desolati | Identified Sif Muna's Folio of the Entrancing Volcano
 53975 | Desolati | Identified the ring "Kygutics" {rN+ rCorr EV+5}
 53986 | Desolati | Identified the ring "Ares" {rF++ Int+6}
 53996 | Desolati | Identified the Spellbook of the Subzero Nimbus
 54772 | Desolati | Identified the staff of the Grim God {rN+ Necro Ice}
 54835 | Desolati | Identified the +3 long sword of the Shark {holy, ^Drain
                  | Will+ rCorr}
 54837 | Desolati | Identified the +0 swamp dragon scales "Pirol" {Harm rPois
                  | Str+2 Int+4 Dex+3 Stlth-}
 54991 | Desolati | Reached XP level 19. HP: 161/161 MP: 19/41
 57185 | Vaults:1 | Reached skill level 10 in Summonings
 58032 | Vaults:2 | Found a staircase to the Crypt.
 58128 | Vaults:2 | Found Goplo's Antique Armour Emporium.
 58147 | Vaults:2 | Bought a runed helmet for 307 gold pieces
 58270 | Vaults:2 | Identified the +0 leather armour "Zoliefuw" {Rampage rElec
                  | rPois Str+5}
 58354 | Vaults:2 | Found Ataitaah's General Store.
 59223 | Vaults:2 | Found Rotong's Magic Scroll Shop.
 59804 | Vaults:3 | Reached XP level 20. HP: 167/168 MP: 29/42
 60457 | Vaults:3 | Identified the +3 helmet of Gojecy {rPois}
 60797 | Vaults:2 | Bought a scroll of acquirement for 780 gold pieces
 60798 | Vaults:2 | Acquired the +3 Elemental Staff {ele, rElec rF+ rC+ AC+3}
 60798 | Vaults:2 | Found the +3 Elemental Staff {ele, rElec rF+ rC+ AC+3}
 60852 | Vaults:3 | Found Nasch's Distillery.
 61407 | Vaults:3 | Found Pont's Book Shoppe.
 61722 | Orc:1    | Killed solopath's ghost
 62297 | Vaults:3 | Reached skill level 1 in Translocations
 62506 | Vaults:3 | Identified the +10 rapier of Ambiguity {distort, rElec rC+}
 62528 | Vaults:3 | Learned a level 1 spell: Apportation
 64649 | Elf:1    | Noticed Nikola
 64655 | Elf:1    | Killed Nikola
 64656 | Elf:1    | Reached skill level 5 in Armour
 65064 | Elf:1    | Identified the Secrets of the Salvo and Rallying
 65070 | Elf:1    | Reached XP level 21. HP: 180/180 MP: 33/45
 65643 | Elf:1    | Found Okhloeci's Jewellery Shoppe.
 65643 | Elf:1    | Found Qono Emo's Book Boutique.
 65644 | Elf:1    | Found Sixudy's Book Boutique.
 65764 | Elf:2    | Found Qenonau's Antique Weapon Boutique.
 65804 | Elf:2    | Reached skill level 15 in Conjurations
 66067 | Elf:2    | Found a hide-covered altar of Uskayaw.
 66342 | Elf:2    | Found a runed translucent gate.
 66343 | Elf:2    | Found a runed translucent gate.
 66343 | Elf:2    | Found a runed translucent gate.
 66479 | Elf:3    | Entered Level 3 of the Elven Halls
 66562 | Elf:3    | Found a portal to a secret trove of treasure.
 66735 | Elf:3    | Found Opeixuka's Neck Hole.
 66784 | Elf:3    | Found a shimmering blue altar of Sif Muna.
 67699 | Elf:3    | Identified the +3 war axe "Vottas" {freeze, rElec rF+}
 67787 | Elf:3    | Identified the ring "Apsuntuj" {rPois SInv}
 68271 | Elf:3    | Identified the ring "Jeobu" {^Contam rCorr Str+6 Dex+4}
 68302 | Elf:3    | Identified the +10 spear of Wounding {flame, Int+3 SInv}
 68776 | Elf:3    | Identified the +3 spear "Tack" {speed, +Blink rN+}
 68831 | Elf:3    | Identified the +2 long sword of Gloom {vamp, rElec rCorr
                  | Str+3 Int-3}
 68831 | Elf:3    | Identified Sif Muna's Cyclopedia of the Cucurbite
 68855 | Elf:3    | Identified the Atlas of the Cumulonimbus
 68856 | Elf:3    | Identified the +3 chain mail of Jeakumal {Str+3}
 68856 | Elf:3    | Identified Sif Muna's Spellbook of the Crevasse
 68857 | Elf:3    | Identified Hikkan's Textbook on Nonlocality
 69022 | Elf:1    | Bought a book of Spontaneous Combustion for 684 gold pieces
 69031 | Elf:1    | Learned a level 8 spell: Ignition
 69265 | Depths:1 | Entered Level 1 of the Depths
 69281 | Depths:1 | Noticed Sojobo
 69290 | Depths:1 | Killed Sojobo
 69714 | Depths:1 | Found a runed translucent door.
 69717 | Depths:1 | Found a shimmering altar of Xom.
 69717 | Depths:1 | Noticed mdonais's ghost (master FoDe)
 69787 | Depths:1 | Found Wasuol's Antique Weapon Shop.
 69796 | Depths:1 | Found Tarok's Armour Boutique.
 69805 | Depths:1 | Reached skill level 10 in Evocations
 69831 | Depths:1 | Found Xittyir's Weapon Shop.
 70081 | Depths:1 | Found a gateway to Hell.
 70841 | Depths:2 | Noticed the Enchantress
 70844 | Depths:2 | Killed the Enchantress
 71262 | Depths:2 | Reached XP level 22. HP: 187/187 MP: 20/46
 71806 | Depths:2 | Reached skill level 5 in Shields
 71883 | Depths:2 | Found an iron altar of Okawaru.
 72264 | Depths:2 | Found a one-way gateway to a ziggurat.
 72362 | Depths:2 | Found a one-way gate leading to the halls of Pandemonium.
 72771 | Depths:2 | Identified the +6 halberd "Zat Kao" {freeze, *Rage Str+7
                  | Int+4}
 72771 | Depths:2 | Identified the +1 robe "Finape" {Harm rCorr Str-5 Slay-6}
 72777 | Depths:2 | Identified the +8 spear of Capital Punishment {vamp, rF++
                  | rC+}
 73203 | Depths:3 | Noticed a caustic shrike
 73208 | Depths:3 | Killed a caustic shrike
 73711 | Depths:3 | Reached skill level 10 in Fire Magic
 73733 | Depths:3 | Noticed a caustic shrike
 73750 | Depths:3 | Killed a caustic shrike
 74071 | Depths:3 | Found a corrupted altar of Lugonu.
 74071 | Depths:3 | Found a one-way gate to the infinite horrors of the Abyss.
 74466 | Depths:3 | Noticed a caustic shrike
 74473 | Depths:3 | Killed a caustic shrike
 74973 | Depths:4 | Entered Level 4 of the Depths
 74973 | Depths:4 | Found a transporter.
 75095 | Depths:4 | Found an opulent altar of Gozag.
 75353 | Depths:4 | Identified the ring "Huoloug" {Will+ MP+9 Int+3 SInv}
 75476 | Depths:4 | Reached XP level 23. HP: 196/196 MP: 13/47
 75541 | Depths:4 | Found a transporter.
 76581 | Depths:4 | Identified the ring "Faakhuho" {Fire rN++ rCorr Int-5
                  | Stlth+}
 76673 | Depths:4 | Found a gate to the Realm of Zot.
 76673 | Depths:4 | Identified the +7 chain mail of the Catfish {Harm *Corrode
                  | rPois Dex-3}
 76795 | Depths:4 | Identified the ring "Camiuc" {rPois Str+2}
 77244 | Slime:1  | Entered Level 1 of the Pits of Slime
 77763 | Vaults:3 | Bought a book of Decay for 760 gold pieces
 77770 | Vaults:3 | Learned a level 6 spell: Death Channel
 78217 | Slime:1  | Reached skill level 1 in Necromancy
 78832 | Slime:2  | Found a viscous altar of Jiyva.
 79597 | Slime:4  | Reached skill level 15 in Fire Magic
 80578 | Slime:5  | Entered Level 5 of the Pits of Slime
 80847 | Slime:5  | Reached skill level 5 in Necromancy
 81204 | Slime:5  | Identified the ring "Loyss" {Fly rF+++ Str-2 Dex+6 SInv}
 81346 | Slime:5  | Noticed the Royal Jelly
 81358 | Slime:5  | Killed the Royal Jelly
 81542 | Slime:5  | Identified the Directory of the Jaunt and the Welkin
 81542 | Slime:5  | Identified the +1 ring mail of the Trees {rElec Int+4 SInv}
 81543 | Slime:5  | Identified the amulet of Bumastabb {Reflect *Slow rN+ Dex+3
                  | SH+5}
 81608 | Slime:5  | Found the +8 arc blade {discharge, rElec}
 81608 | Slime:5  | Identified the Folio of the Chill and Tephra
 81611 | Slime:5  | Found the amulet of the Air {Inacc Air Fly rElec RMsl}
 81618 | Slime:5  | Got a slimy rune of Zot
 82341 | Spider:4 | Got a gossamer rune of Zot
 82893 | Zot:1    | Entered Level 1 of the Realm of Zot
 83242 | Elf:3    | You showed the slimy rune of Zot to enter a treasure trove
 83243 | Trove    | Entered a treasure trove
 83243 | Trove    | Identified the ring "Irratt" {Fly rN+}
 83243 | Trove    | Identified the ring of Bustra {rPois rC+ Str-4 Int+3}
 83243 | Trove    | Identified the ring of Optimism {Wiz rN+ rCorr Int+3}
 83243 | Trove    | Identified the amulet of Duyvoap {Faith rC+ rN+ Int-4
                  | Dex+2}
 83243 | Trove    | Identified the ring of Qosecs {rElec rC+ rCorr Dex-4}
 83243 | Trove    | Identified the ring "Sofy" {Wiz rC- Will+ Int+6}
 83243 | Trove    | Identified the ring "Iryu" {Wiz Str+4}
 83243 | Trove    | Identified the ring "Cikherph" {rElec rF- rC+ rCorr Str+4}
 83243 | Trove    | Identified the ring "Yblotzew" {Fly rC+ Str+4}
 83243 | Trove    | Identified the ring of Lust {Fly Str+3}
 83243 | Trove    | Identified the ring of Wubum {Wiz ^Contam rElec Int+3}
 83304 | Elf:3    | Learned a level 6 spell: Dispersal
 83913 | Zot:1    | Reached XP level 24. HP: 201/201 MP: 37/47
 84223 | Zot:1    | Noticed Grunn
 84230 | Zot:1    | Killed Grunn
 84586 | Zot:1    | Noticed a dread lich
 84607 | Zot:1    | Killed a dread lich
 84772 | Zot:1    | Reached skill level 5 in Translocations
 85103 | Zot:1    | Noticed a dread lich
 85135 | Depths:4 | Killed a dread lich
 85600 | Zot:1    | Reached skill level 15 in Spellcasting
 86156 | Vaults:3 | Bought a manual of Armour for 1520 gold pieces
 87278 | Zot:2    | Identified the +1 cloak "Wueliq" {+Inv}
 87306 | Zot:2    | Reached skill level 10 in Armour
 87763 | Zot:2    | Noticed a Killer Klown
 87772 | Zot:2    | Killed a Killer Klown
 87864 | Zot:2    | Noticed an orb of fire
 87885 | Zot:2    | Killed an orb of fire
 88726 | Zot:3    | Identified the +3 broad axe "Maerhih" {venom, Str+5}
 89124 | Zot:3    | Reached XP level 25. HP: 212/212 MP: 27/48
 91045 | Zot:5    | Entered Level 5 of the Realm of Zot
 91225 | Zot:4    | Identified the +6 falchion "Itim" {flame, ^Fragile rElec
                  | rN++ SInv}
 91997 | Zot:4    | Found a transporter.
 92000 | Zot:4    | Noticed runemage's ghost (legendary GnFi)
 92007 | Zot:4    | Found a transporter.
 92064 | Zot:4    | Identified the +0 chain mail "Zeophar" {rF+}
 92247 | Zot:4    | Identified the +10 falchion "Istrefir" {speed, Int+3}
 92248 | Zot:4    | Identified the +2 pair of boots of Pathos {rF- rN++ Int+3
                  | SInv}
 92249 | Zot:4    | Identified the Atlas of the Ground
 92254 | Zot:4    | Noticed an ancient lich
 93477 | Zot:5    | Noticed an ancient lich
 93488 | Zot:5    | Killed an ancient lich
 94532 | Zot:5    | Noticed a Killer Klown
 94545 | Zot:5    | Killed a Killer Klown
 94622 | Zot:5    | Noticed an orb of fire
 94633 | Zot:5    | Killed an orb of fire
 94746 | Zot:5    | Noticed a Killer Klown
 94766 | Zot:5    | Killed a Killer Klown
 94767 | Zot:5    | Reached XP level 26. HP: 203/219 MP: 24/49
 95116 | Zot:5    | Noticed an ancient lich
 95121 | Zot:5    | Killed an ancient lich
 96806 | Zot:5    | Got the Orb of Zot
 97361 | D:3      | Noticed Satehati the pandemonium lord
 97396 | D:2      | Noticed Curph the pandemonium lord
 97401 | D:2      | Killed Curph the pandemonium lord
 97472 | D:$      | Escaped with the Orb!

Illustrated notes

Levels and vault maps discovered:
D:1:      dpeg_arrival_rooms_with_view, layout_basic,
          ebering_ecumenical_altar_petrified, glass_columns_b
D:2:      layout_basic
D:3:      layout_loops_ring, mainiacjoe_overflow_tiny_flanked, minmay_between
D:4:      layout_rooms, mainiacjoe_overflow_24_doors,
          minmay_temple_entry_drinking_statues, uniq_eustachio
D:5:      layout_loops_ring, mainiacjoe_overflow_chevrons,
          minmay_misc_feat_encased, uniq_crazy_yiuf_cottage, uniq_duvessa
D:6:      layout_loops_ring, cheibrodos_sewer_entry_drain, uniq_grinder
D:7:      bobbens_index_wilting_gardens, layout_basic,
          mainiacjoe_overflow_boulevard, grunt_temple_overflow_open,
          guppyfry_early_elven_hall, uniq_jeremiah
D:8:      layout_gridville, lemuel_doored_altar,
          nicolae_shop_national_dungeon_mall, chequers_serial_rivers_marsh,
          minmay_manual_mandibuliform
D:9:      layout_stronghold, nicolae_tricolors
D:10:     layout_stronghold, dpeg_oklobed_lair, orc_0_dummy,
          serial_bayou_pond_c, dilly_guarded_unrand_devastator
D:11:     layout_irregular_city, hellmonk_ghost_big_iron,
          minmay_unpleasant_kobolds, uniq_lodul
D:12:     layout_roguey
D:13:     layout_stronghold, uniq_kirke
D:14:     layout_basic, skrybe_vaults_entry_preservation, basic_altar
D:15:     gammafunk_enter_depths_forms, layout_stronghold,
          nicolae_kikubaaqudgha_miasma_corner, gammafunk_ghost_stat_death
Lair:1:   layout_loops_ring, gammafunk_ghost_hydra_chop
Lair:2:   layout_hall_layers, elwin_shoals_entry_rooms,
          chequers_serial_rivers_micro_c, lemuel_fruit_tree, grunt_megastairs_5,
          uniq_amaemon, uniq_fannar, uniq_urug, uniq_erica
Lair:3:   layout_roguey, dummy_spider_entry
Lair:4:   layout_loops_ring, nicolae_slime_entry_slimehenge, grunt_megastairs_2
Lair:5:   hellmonk_lair_end_abyssal_woods, layout_cave_pods, grunt_megastairs_1,
          infiniplex_staircase_pool
Shoals:1: layout_shoals, hangedman_shoal_volcano, uniq_louise
Shoals:2: layout_shoals, serial_shops, freezing_bzr, uniq_polyphemus
Shoals:3: layout_shoals, ebering_ghost_inner_flame, uniq_roxanne
Shoals:4: shoals_end_grunt_ice, layout_shoals, minmay_shop_enchanted_jewellery,
          nicolae_shoals_drake_roost
Spider:1: layout_spider_delve
Spider:2: layout_cave_pods, uniq_arachne
Spider:3: layout_spider_delve
Spider:4: grunt_spider_rune_circles
Slime:1:  layout_caves
Slime:2:  layout_caves, basic_altar, nicolae_slime_barrier
Slime:3:  layout_caves
Slime:4:  layout_caves, nicolae_slime_crime_time
Slime:5:  slime_pit
Orc:1:    layout_caves, basic_altar, ebering_ghost_rock_garden,
          guppyfry_orc_lava_fort
Orc:2:    st_orc_ogre_mass, layout_caves, uniq_snorg, uniq_maurice
Elf:1:    minmay_elf_arrival_circle, layout_geoelf_diagonals,
          minmay_elf_sorcery, minmay_shop_grove, uniq_nikola
Elf:2:    nicolae_elf_blades_crystal_corner, layout_geoelf_octagon,
          serial_shops, nicolae_shop_rolling_square, nicolae_elf_altarnating
Elf:3:    minmay_elf_hall_x, layout_loops_cross,
          nicolae_trove_entry_path_of_doom, basic_altar, dk_noncrumbling_3,
          nicolae_shop_sticking_my_neck_out
Vaults:1: portal_desolation_entry_garden, v_misc_9,
          nicolae_vaults_storage_closets_3, v_alt_pattern_5,
          nicolae_vaults_triangles, nicolae_vaults_storage_closets_1,
          nicolae_vaults_holding_cells, nicolae_vaults_shelves_hall,
          nicolae_vaults_frosty_reception, layout_vaults_omnigrid
Vaults:2: nicolae_vaults_diamond_1, vaults_room_fours, ontoclasm_vaults_gateway,
          nicolae_vaults_border_crossing, blue_anna_dwarven_crypt,
          hangedman_vaults_hat, nicolae_vaults_diamond_1,
          nicolae_vaults_shrinking_rooms_1, nicolae_vaults_ninety_degrees,
          grunt_vaults_trifunnel, nicolae_vaults_house_3,
          vaults_dpeg_encased_lava, nicolae_vaults_rhombus_6,
          layout_vaults_ring, serial_shops, shop, shop, shop
Vaults:3: vaults_room_large_hall, v_misc_18,
          nicolae_vaults_trapezoid_lopsided_3, vaults_room_corners,
          vaults_mumra_minichess, nicolae_vaults_prndl,
          nicolae_vaults_offset_grid_hallway_1, nicolae_vaults_tangram_2,
          nicolae_vaults_trapezoid_lopsided_1, v_misc_26,
          hangedman_vaults_cutoff, nicolae_vaults_little_squares_5,
          nicolae_vaults_trapezoid_2, nicolae_vaults_cochlea,
          nicolae_vaults_closet_pinwheel_2, nicolae_vaults_quartermaster,
          nicolae_vaults_double_plus_1, layout_vaults_maze_snakey, serial_shops,
          nicolae_shop_window_shopping, nicolae_book_shop_shelving
Vaults:4: nicolae_vaults_weapon_check, v_misc_18,
          nicolae_vaults_closet_pinwheel_3, ontoclasm_vaults_hangar,
          nicolae_vaults_yaktaur_gun_rack, nicolae_vaults_little_ls,
          hangedman_vaults_corner, vaults_mumra_hex, ontoclasm_vaults_gallery,
          vaults_mumra_chevron, nicolae_vaults_circle_grid_a,
          layout_vaults_omnibox, uniq_margery
Depths:1: layout_honeycomb, ebering_ghost_xom, minmay_misc_feat_room,
          grunt_hell_entry_dis_mu, kennysheep_generic_room_10, minmay_shop_star,
          uniq_sojobo
Depths:2: evilmike_iron_armoury, layout_gridlike, enter_ziggurat_c, pan_entry,
          chequers_serial_rivers_small_b, pf_hell_entry_tar_spiral,
          kennysheep_random_hallway, uniq_enchantress
Depths:3: minmay_swirls_squares, layout_honeycomb,
          nicolae_concentric_dashed_squares_mild, abyss_entry_flame_altar,
          hell_entry
Depths:4: hangedman_spin_cycle, pan_entry, hell_entry
Zot:1:    hellmonk_crystal_mountain, layout_basic, zot_minivault_1, uniq_grunn
Zot:2:    layout_cathedral_of_symmetry, skrybe_zot_glass_3
Zot:3:    lemuel_halls_of_wrath, layout_onion
Zot:4:    layout_concentric_octagons, gammafunk_ghost_mausoleum
Zot:5:    layout_onion

Skill      XL: |  1  2  3  4  5  6  7  8  9 10 11 12 13 14 15 16 17 18 19 20 21 22 23 24 25 26 |
---------------+-------------------------------------------------------------------------------+-----
Conjurations   | 1 2 3 4 5 6 7 8 10 13 14 15 17 | 17.0
Fighting       | 1 2 3 4 6 7 10 11 13 | 13.9
Alchemy        | 3 4 5 6 7 8 |  8.8
Air Magic      | 1 2 |  2.0
Spellcasting   | 3 5 6 7 8 9 10 12 14 15 17 | 17.5
Stealth        | 2 3 5 8 10 12 | 12.7
Fire Magic     | 4 5 6 7 12 15 17 | 17.0
Earth Magic    | 3 5 7 |  7.2
Shields        | 1 3 4 5 |  5.8
Evocations     | 2 4 5 6 7 8 9 10 11 | 11.9
Dodging        | 3 4 5 8 9 11 12 13 | 13.9
Staves         | 2 4 6 7 8 9 |  9.8
Hexes          | 5 6 |  6.0
Armour         | 1 3 5 8 13 14 | 14.5
Summonings     | 3 7 10 | 10.8
Translocations | 1 2 6 |  6.8
Necromancy     | 7 8 |  8.8

Action                     |  1- 3 |  4- 6 |  7- 9 | 10-12 | 13-15 | 16-18 | 19-21 | 22-24 | 25-27 || total
---------------------------+-------+-------+-------+-------+-------+-------+-------+-------+-------++-------
  Melee: Dagger            |     1 |     5 |     5 |       |       |       |       |       |       ||    11
         Quarterstaff      |       |       |    35 |       |       |       |       |       |       ||    35
         Flail             |       |       |     2 |    13 |       |       |       |       |       ||    15
         Punch             |       |       |     1 |       |       |       |       |       |       ||     1
         Staff             |       |       |       |    42 |    50 |   208 |   177 |   305 |   127 ||   909
   Fire: Sling             |    54 |    43 |    54 |       |       |       |       |       |       ||   151
  Throw: Dart              |       |       |       |     4 |       |       |       |       |       ||     4
   Cast: Sting             |    73 |    91 |   222 |     3 |       |       |       |       |       ||   389
         Mephitic Cloud    |       |     5 |    20 |    37 |    31 |     5 |       |       |       ||    98
         Sticky Flame      |       |       |    20 |    14 |    34 |    33 |     2 |     1 |       ||   104
         Olgreb's Toxic Ra |       |       |     5 |    82 |   191 |   228 |    70 |    25 |       ||   601
         Stone Arrow       |       |       |     9 |   200 |   500 |   196 |       |       |       ||   905
         Mercury Vapours   |       |       |       |     2 |       |       |       |       |       ||     2
         Irradiate         |       |       |       |     3 |     8 |    27 |     7 |    15 |     2 ||    62
         Yara's Violent Un |       |       |       |       |     1 |       |     6 |    13 |     3 ||    23
         Fireball          |       |       |       |       |       |   331 |     6 |     2 |       ||   339
         Bombard           |       |       |       |       |       |    91 |   551 |   552 |   255 ||  1449
         Spellforged Servi |       |       |       |       |       |    20 |    85 |   103 |    69 ||   277
         Apportation       |       |       |       |       |       |       |     2 |       |       ||     2
         Ignition          |       |       |       |       |       |       |       |    48 |    24 ||    72
         Death Channel     |       |       |       |       |       |       |       |     2 |       ||     2
 Invoke: Curse Item        |       |       |     1 |     4 |     6 |       |     3 |     2 |       ||    16
         Shatter the Chain |       |       |       |     1 |     2 |     1 |     2 |     1 |       ||     7
  Evoke: Wand              |       |       |     1 |     1 |     2 |       |     4 |    15 |     8 ||    31
         Lightning rod     |       |       |       |       |       |     2 |     7 |    10 |       ||    19
         Phial of floods   |       |       |       |       |       |     1 |     1 |       |       ||     2
         Box of beasts     |       |       |       |       |       |       |     1 |     4 |     1 ||     6
    Use: Scroll            |       |     3 |     7 |       |     1 |     1 |     3 |     4 |     3 ||    22
   Stab: Confused          |       |     1 |       |       |       |     1 |       |       |       ||     2
         Petrified         |       |       |       |     1 |       |       |       |       |       ||     1
         Distracted        |       |       |       |       |       |     2 |     2 |    10 |     2 ||    16
         Sleeping          |       |       |       |       |       |     1 |       |       |       ||     1
 Armour: Robe              |    30 |    34 |    84 |    11 |       |       |       |       |       ||   159
         Troll leather arm |       |       |       |    42 |   139 |   372 |   302 |   414 |   168 ||  1437
  Dodge: Dodged            |    33 |    36 |   115 |    66 |   219 |   497 |   327 |   405 |   166 ||  1864
  Block: Other             |       |       |    33 |     4 |       |       |       |       |       ||    37
         Reflection        |       |       |     3 |     2 |       |       |       |       |       ||     5
         Buckler           |       |       |       |    46 |    84 |   201 |   119 |   183 |    66 ||   699
